 Dungeon Crawl Stone Soup version 0.30-a0-1043-g60ff8d5f49 (webtiles) character file.

Game seed: 14621805089882849436

307926 qeuew the Tortoise (level 21, -8/141 HPs)
             Began as a Gargoyle Fighter on Apr 6, 2023.
             Was the Champion of Lugonu.
             Mangled by a tengu reaver
             ... wielding a +2 long sword of distortion
              (12 damage)
             ... on level 5 of the Vaults on Apr 10, 2023.
             The game lasted 01:34:53 (39522 turns).

qeuew the Tortoise (Gargoyle Fighter)              Turns: 39522, Time: 01:34:54

Health: -8/141     AC: 43    Str: 31      XL:     21   Next: 19%
Magic:  39/39      EV: 23    Int: 12 (13) God:    Lugonu [******]
Gold:   2332       SH: 24    Dex: 34      Spells: 20/20 levels left

rFire   + + .      SeeInvis .    f - +10 zealot's sword {holy, Zealotry, *Rage rN+ EV+3}
rCold   + . .      Faith    +    a - +5 kite shield {reflect}
rNeg    + + +      Spirit   .    x - +7 chain mail of the Ego {rN+++ Str+3}
rPois   ∞          Reflect  +    (no helmet)
rElec   +          Rampage  .    v - scarf {repulsion}
rCorr   .          Rage     20%  B - +2 pair of gloves of Fanaticism {+Inv}
Will    +....                    J - +0 pair of boots of Zecerayx {rC+ MP+9 Str+8 Int-3} Stlth
                                 O - amulet "Peim" {Faith rPois Dex+5}
HPRegen 0.43/turn                F - +6 ring of dexterity
MPRegen 0.26/turn                I - ring "Azxomorch" {rF+ Int+4 Dex+6}

@: about to teleport, on berserk cooldown, flying, slowed, invisible, repel
missiles, very slow
A: sickness immunity, AC +16, big wings, negative energy resistance 1,
electricity resistance, torment resistance 1, petrification resistance, talons
1, deterioration 1, fire resistance 1
}: 2/15 runes: decaying, gossamer
a: Renounce Religion, Evoke Invisibility, Depart the Abyss, Banish, Corrupt,
Enter the Abyss, Brand Weapon With Distortion


You were on level 5 of the Vaults.
You worshipped Lugonu.
Lugonu was exalted by your worship.
You visited 6 branches of the dungeon, and saw 34 of its levels.
You visited the Abyss 1 time.
You also visited: Gauntlet, Ice Cave and Volcano.

You collected 4279 gold pieces.
You spent 1947 gold pieces at shops.

Inventory:

Hand Weapons
 f - the +10 zealot's sword (weapon) {holy, Zealotry, *Rage rN+ EV+3}
   (You acquired it on level 1 of the Dungeon)

   Zealotry:  Whenever the wielder enters a berserk rage, their allies are
   berserked alongside them.
   EV:        It affects your evasion (+3).
   rN:        It protects you from negative energy.
   *Rage:     It berserks you when you make melee attacks (+20% chance).
Missiles
 D - 5 throwing nets
Armour
 a - a +5 kite shield of reflection (worn)
 v - a scarf of repulsion (worn)
 x - the +7 chain mail of the Ego (worn) {rN+++ Str+3}
   (You found it on level 1 of the Swamp)

   Str:       It affects your strength (+3).
   rN:        It renders you almost immune to negative energy.
 B - the +2 pair of gloves of Fanaticism (worn) {+Inv}
   (You acquired it on level 1 of the Orcish Mines)

   +Inv:      It lets you turn invisible.
 J - the +0 pair of boots of Zecerayx (worn) {rC+ MP+9 Str+8 Int-3}
   (You found it in a Gauntlet)

   Str:       It affects your strength (+8).
   Int:       It affects your intelligence (-3).
   rC:        It protects you from cold.
   MP:        It affects your magic capacity (+9).
Jewellery
 q - a ring of resist corrosion
 r - an amulet of regeneration
 F - a +6 ring of dexterity (left hand)
 I - the ring "Azxomorch" (right hand) {rF+ Int+4 Dex+6}
   (You bought it in a shop on level 9 of the Dungeon)

   [ring of dexterity]

   Int:       It affects your intelligence (+4).
   Dex:       It affects your dexterity (+6).
   rF:        It protects you from fire.
 O - the amulet "Peim" (around neck) {Faith rPois Dex+5}
   (You acquired it on level 2 of the Lair of Beasts)

   [amulet of faith]

   It allows you to gain divine favour quickly.
   Dex:       It affects your dexterity (+5).
   rPois:     It protects you from poison.
Wands
 m - a wand of light (10) (quivered)
 p - a wand of polymorph (22)
 u - a wand of digging (17)
 w - a wand of flame (33)
 C - a wand of roots (35)
 E - a wand of charming (29)
 L - a wand of mindburst (17)
Scrolls
 c - 2 scrolls of enchant armour
 h - 6 scrolls of teleportation
 i - 11 scrolls of enchant weapon
 k - 6 scrolls of magic mapping
 l - 26 scrolls of identify
 y - 3 scrolls of brand weapon
 z - 6 scrolls of silence
 A - 2 scrolls of poison
 N - 2 scrolls of blinking
Potions
 b - 3 potions of mutation
 d - 4 potions of might
 e - 5 potions of berserk rage
 g - 16 potions of curing
 o - a potion of haste
 s - 4 potions of resistance
 G - 5 potions of invisibility
 H - 6 potions of ambrosia
 M - a potion of cancellation
Miscellaneous
 n - a lightning rod (4/4)


   Skills:
 * Level 18.1 Fighting
 * Level 15.1 Long Blades
 - Level 2.2 Maces & Flails
 * Level 18.2 Armour
 + Level 10.1 Dodging
 * Level 18.2 Shields
 + Level 12.8 Invocations
 + Level 10.9 Evocations


You had 20 spell levels left.
You didn't know any spells.
Your spell library contained the following spells:

 Spells                   Type           Power      Damage    Failure   Level
 Apportation              Tloc           0%         N/A       77%         1
 Blink                    Tloc           0%         N/A       88%         2
 Lesser Beckoning         Tloc           0%         N/A       88%         2
 Momentum Strike          Conj/Tloc      0%         3d8       88%         2
 Static Discharge         Conj/Air       0%         2-2/arc   88%         2
 Wereblood                Tmut           0%         N/A       88%         2
 Gell's Gravitas          Tloc           0%         N/A       98%         3
 Inner Flame              Hex/Fire       0%         N/A       98%         3
 Portal Projectile        Hex/Tloc       0%         N/A       98%         3
 Summon Guardian Golem    Hex/Summ       0%         N/A       98%         3
 Tukima's Dance           Hex            0%         N/A       98%         3
 Volatile Blastmotes      Fire/Tloc      0%         2d10      98%         3
 Airstrike                Air            0%         2d(0-16)  100%        4
 Anguish                  Hex/Necr       0%         N/A       100%        4
 Animate Dead             Necr           0%         N/A       100%        4
 Flame Wave               Conj/Fire      0%         2d4       100%        4
 Fulminant Prism          Conj/Hex       0%         3d5       100%        4
 Manifold Assault         Tloc           0%         N/A       100%        4
 Petrify                  Tmut/Erth      0%         N/A       100%        4
 Sticky Flame             Conj/Fire      0%         2d3       100%        4
 Summon Lightning Spire   Summ/Air       0%         N/A       100%        4
 Alistair's Intoxication  Tmut/Pois      0%         N/A       100%        5
 Blade Hands              Tmut           0%         N/A       100%        5
 Irradiate                Conj/Tmut      0%         3d11      100%        5
 Iskenderun's Battlesphe  Conj           0%         2d6       100%        5
 Metabolic Englaciation   Hex/Ice        0%         N/A       100%        5
 Dispersal                Tloc           0%         N/A       100%        6
 Iron Shot                Conj/Erth      0%         9d1       100%        6
 Simulacrum               Ice/Necr       0%         N/A       100%        6
 Haunt                    Necr/Summ      0%         N/A       100%        7
 Ozocubu's Refrigeration  Ice            0%         4d7       100%        7
 Spellforged Servitor     Conj/Summ      0%         N/A       100%        7
 Storm Form               Tmut/Air       0%         N/A       100%        7
 Summon Hydra             Summ           0%         N/A       100%        7
 Borgnjor's Revivificati  Necr           0%         N/A       100%        8
 Disjunction              Tloc           0%         N/A       100%        8
 Infestation              Necr           0%         N/A       100%        8
 Maxwell's Capacitive Co  Air            0%         ∞         100%        8
 Polar Vortex             Ice            0%         N/A       100%        9
 Cigotuvi's Dreadful Rot  Necr/Pois/Air  Unusable   N/A       N/A         2
 Sublimation of Blood     Necr           Unusable   N/A       N/A         2
 Statue Form              Tmut/Erth      Unusable   N/A       N/A         6

Dungeon Overview and Level Annotations

Branches:
Dungeon (14/15)            Temple (0/1) D:6            Lair (5/5) D:11
  Swamp (4/4) Lair:2       Spider (4/4) Lair:3        Slime (0/5) Lair:4
    Orc (2/2) D:10            Elf (0/3) Orc:2        Vaults (4/5) D:14
  Crypt (0/3) Vaults:3      IceCv (visited)         Volcano (visited)
Gauntlet (visited)

Altars:
Hepliaklqana
Kikubaaqudgha
Okawaru
Ru
Sif Muna
Trog
Uskayaw
Xom
Yredelemnul
Zin
Lugonu

Shops:
D:4 *=[[*   D:8 *   D:9 **   Orc:1 *(!*=   Orc:2 =*([   Vaults:1 (   Vaults:4 [

Portals:
Trove: Vaults:3 (lose all piety)

Annotations:
Swamp:4 corrupted
Orc:2 2 transporters, jasper's ghost, journeyman DgFE


Innate Abilities, Weirdness & Mutations

You are immune to sickness and miasma.
Your stone body is resilient. (AC +16)
You are immune to poison.
Your large and strong wings let you fly.
You resist negative energy. (rN+)
You are resistant to electric shocks. (rElec)
You are resistant to unholy torment.
You are immune to petrification.
You have sharp toenails.
Your body sometimes deteriorates upon taking damage.
Your flesh is heat resistant. (rF+)


Message History

The titan shouts!
The frost giant shouts!
The tengu reaver shouts!
The frost giant casts a spell at you. The bolt of cold hits you! You resist.
* * * LOW HITPOINT WARNING * * *
The tengu reaver hits you but does no damage.
Space warps horribly around you!
* * * LOW HITPOINT WARNING * * *
You block the tengu reaver's attack.
The tengu reaver claws you but does no damage.
You block the orc's attack.
The frost giant points at you and mumbles some strange words.
The bolt of cold hits you! You resist.
* * * LOW HITPOINT WARNING * * *
The ettin moves out of view.
As you read the scroll of fear, it crumbles to dust.
You assume a fearsome visage.
The titan resists with almost no effort.
The frost giant resists with some effort.
The tengu reaver looks frightened!
The orc knight looks frightened!
The orc looks frightened!
You block the titan's attack.
Unknown command.
You feel better. You block the titan's attack.
The frost giant hits you but does no damage.
You block the frost giant's attack. You block the titan's attack.
You fade into invisibility!
You block the titan's attack.
The frost giant gestures at you while chanting.
The bolt of cold misses you.
Press: ? - help, v - describe, . - travel The floor.
As you read the scroll of teleportation, it crumbles to dust.
You feel strangely unstable. The titan hits you but does no damage.
An ettin comes into view.
It is wielding a +0 dire flail and a +0 great mace.
The frost giant casts a spell at you. The bolt of cold misses you.
You block the frost giant's attack.
The titan waves its arms in wide circles.
* * * LOW HITPOINT WARNING * * *
Your body deteriorates!
You feel dopey.
The tengu reaver hits you with a +2 long sword of distortion!
You die...

.. .. o# #.##
..# #...##
..#.....#
##......#
##......##
#.C..C...##
#Q@.....#
##.C.o.##
##...## ....#
.....# ....##
...###....# #.
....##....##..
...#....#..#


You could see a titan, a frost giant, a tengu reaver, an orc knight (unable to
see you), an ettin (wandering, unable to see you) and an orc (unable to see you,
fleeing).

Vanquished Creatures
  A dread lich (Vaults:4)
  Margery (Vaults:4)
  A hellephant (Vaults:1)
  Rupert (D:12)
  A lich (Vaults:4)
  A quicksilver dragon (Vaults:4)
  Gastronok (D:8)
  2 sphinxes
  A tengu reaver (Vaults:4)
  2 thorn hunters (Swamp:1)
  A fenstrider witch (Swamp:3)
  A shadow dragon (Vaults:5)
  Donald (Vaults:1)
  4 ghost moths
  2 emperor scorpions
  6 orc warlords
  6 vault wardens
  3 ghouls (Swamp:4)
  A balrug (Vaults:1)
  3 broodmothers
  4 reapers (IceCv)
  10 ironbound preservers
  6 ironbound thunderhulks
  7 very ugly things
  Nessos (Lair:4)
  3 eleionomae
  6 bunyips
  A minotaur (Gauntlet)
  4 spark wasps
  3 dire elephants (Vaults:4)
  3 ettins
  2 deep elf death magi (Vaults:4)
  4 entropy weavers
  9 yaktaur captains
  6 great orbs of eyes
  2 shambling mangroves
  Josephine (Orc:2)
  19 vault guards
  3 caustic shrike simulacra (IceCv)
  A peacekeeper (Vaults:2)
  10 hydras
  A ghost crab (Swamp:4)
  2 ogre magi
  5 centaur warriors
  6 radroaches
  18 ironbound frosthearts
  5 boulder beetles
  A catoblepas (Lair:5)
  8 alligators
  4 two-headed ogres
  A death yak (Lair:4)
  2 tengu warriors
  Urug (Lair:3)
  3 orc high priests (Orc:2)
  22 hell knights
  2 fire crabs
  5 pharaoh ants
  A sun moth (Spider:3)
  A death drake (Gauntlet)
  2 spriggan druids
  2 skeletal warriors (Vaults:3)
  11 swamp dragons
  3 orb spiders
  36 deep trolls
  2 obsidian statues (IceCv)
  A bog body (Swamp:4)
  3 goliath frogs
  10 steelbarb worms
  5 wizards
  2 phantasmal warriors
  4 harpies (Vaults:1)
  11 ironbound convokers
  10 lindwurms
  4 necromancers
  14 ugly things
  A deep elf pyromancer (D:12)
  20 wolf spiders
  14 orc knights
  A spectral wolf spider (Gauntlet)
  7 orc sorcerers
  6 cyclopes
  5 moths of wrath
  5 will-o-the-wisps
  3 elephants (Lair:4)
  A centaur zombie (Gauntlet)
  2 human skeletons (Vaults:4)
  A spectral centaur (Gauntlet)
  6 demonic crawlers
  21 vault sentinels
  An eye of devastation (shapeshifter) (Vaults:4)
  5 black mambas
  13 cane toads
  2 gargoyles
  9 torpor snails
  3 rime drakes
  21 yaktaurs
  An unseen horror (D:11)
  5 freezing wraiths (IceCv)
  6 golden dragon simulacra
  An ice devil (IceCv)
  2 tengu conjurers (D:14)
  9 komodo dragons
  5 polar bears
  3 meliai (Spider:1)
  A bloated husk (Swamp:1)
  18 hornets
  18 trolls
  10 tyrant leeches
  23 tarantellas
  15 blink frogs
  A dream sheep (Lair:5)
  34 jumping spiders
  16 slime creatures
  20 culicivoras
  A human (D:10)
  6 shadows
  19 spriggans
  7 wraiths
  2 vampires (D:11)
  5 wyverns
  Grum (D:11)
  2 dire elephant simulacra (IceCv)
  3 fire bats (Volcano)
  A steam dragon (Volcano)
  2 basilisks
  43 yaks
  38 redbacks
  An elf skeleton (Vaults:4)
  3 wargs
  Menkaure (D:5)
  5 vampire mosquitoes
  3 hell hounds (Volcano)
  14 swamp worms
  An acid dragon (D:9)
  16 water moccasins
  A hydra simulacrum (IceCv)
  11 swamp drakes
  5 black bears
  31 orc warriors
  An ettin simulacrum (IceCv)
  A sky beast (D:6)
  2 ice beasts
  9 ogres
  3 boggarts (Lair:5)
  25 centaurs
  29 wolves
  3 kobold brigands
  Blork the orc (D:5)
  15 bullfrogs
  3 scorpions
  2 deep troll simulacra (IceCv)
  3 necrophages (Swamp:4)
  4 gnoll sergeants
  11 wights
  23 killer bees
  3 howler monkeys
  3 vampire bats (D:9)
  2 electric eels
  A crimson imp (D:8)
  4 gnoll boudas
  4 iguanas
  15 orc priests
  3 hounds
  4 jellies
  Crazy Yiuf (D:2)
  A spectral boggart (Gauntlet)
  2 sleepcaps
  5 hell rats (Lair:4)
  26 orc wizards
  32 gnolls
  6 adders
  2 shadow imps
  6 white imps
  6 ufetubi
  2 worms (D:2)
  71 orcs
  7 bats
  3 bat skeletons (D:9)
  2 bat zombies (D:9)
  6 endoplasms
  5 giant cockroaches
  13 goblins
  7 hobgoblins
  A quokka (D:4)
  10 ball pythons
  2 frilled lizards (D:1)
  13 kobolds
  2 rats
  2 butterflies (D:6)
1317 creatures vanquished.

Vanquished Creatures (others)
  the Lernaean hydra (Swamp:4)
  2 hydras (Swamp:4)
  A deep elf knight (D:14)
  4 bloated husks
  4 swamp worms (Swamp:1)
  2 orcs
  9 briar patches (Swamp:1)
  5 demonic plants (Gauntlet)
  18 foxfires
  29 fungi
  15 plants
  9 toadstools (Swamp:1)
  23 withered plants (Gauntlet)
122 creatures vanquished.

Grand Total: 1439 creatures vanquished

Notes
Turn   | Place    | Note
-------+----------+-------------------------------------------
     0 | D:1      | qeuew the Gargoyle Fighter began the quest for the Orb.
     0 | D:1      | Reached XP level 1. HP: 14/14 MP: 1/1
   361 | D:1      | Reached XP level 2. HP: 19/19 MP: 2/2
   586 | D:1      | Found a faded altar of an unknown god.
   852 | D:1      | Prayed at the altar of an unknown god.
   852 | D:1      | Became a worshipper of Lugonu the Unformed
   852 | D:1      | Reached * piety under Lugonu
  1333 | D:1      | Identified a scroll of acquirement
  1333 | D:1      | Acquired the +10 zealot's sword {holy, Zealotry, *Rage rN+
                  | EV+3}
  1333 | D:1      | Found the +10 zealot's sword {holy, Zealotry, *Rage rN+
                  | EV+3}
  1378 | D:2      | Reached XP level 3. HP: 23/23 MP: 3/3
  1753 | D:2      | Reached XP level 4. HP: 27/29 MP: 4/4
  2022 | D:2      | Found a runed translucent door.
  2023 | D:2      | Noticed Crazy Yiuf
  2028 | D:2      | Killed Crazy Yiuf
  2119 | D:3      | Reached skill level 1 in Long Blades
  2150 | D:3      | Reached skill level 1 in Invocations
  2255 | D:3      | Found an iron altar of Okawaru.
  2256 | D:3      | Found a bloodstained altar of Trog.
  2406 | D:3      | Found a hazy altar of Hepliaklqana.
  2653 | D:3      | Found a basalt altar of Yredelemnul.
  2659 | D:3      | Reached skill level 1 in Dodging
  2778 | D:4      | Reached XP level 5. HP: 33/33 MP: 5/5
  2795 | D:4      | Reached ** piety under Lugonu
  2801 | D:4      | Identified the +11 sling "Ywolod" {drain, +Blink rCorr}
  2804 | D:4      | Found Acze's Armour Boutique.
  2844 | D:4      | Bought a +1 pair of boots of rampaging for 181 gold pieces
  2870 | D:4      | Reached XP level 6. HP: 38/38 MP: 6/6
  2911 | D:4      | Found Xaedypp's General Store.
  2928 | D:4      | Found a shimmering blue altar of Sif Muna.
  3031 | D:4      | Found Hetoux's General Store.
  3112 | D:4      | Noticed a black bear
  3119 | D:4      | Killed a black bear
  3132 | D:4      | Found Etyfuagreo's Armour Shop.
  3199 | D:4      | Found Serecay's Jewellery Shop.
  3349 | D:5      | Entered Level 5 of the Dungeon
  3357 | D:5      | Noticed an ice beast
  3361 | D:5      | Killed an ice beast
  3362 | D:5      | Reached skill level 1 in Evocations
  3362 | D:5      | Reached XP level 7. HP: 44/44 MP: 8/8
  3446 | D:5      | Reached skill level 5 in Fighting
  3446 | D:5      | Reached skill level 5 in Armour
  3487 | D:5      | Reached skill level 5 in Shields
  3494 | D:5      | Noticed Menkaure
  3498 | D:5      | Killed Menkaure
  3499 | D:5      | Reached XP level 8. HP: 49/49 MP: 9/9
  3750 | D:5      | Noticed a troll
  3754 | D:5      | Killed a troll
  3836 | D:5      | Noticed Blork the orc
  3844 | D:5      | Killed Blork the orc
  4166 | D:6      | Found a staircase to the Ecumenical Temple.
  4334 | D:6      | Reached *** piety under Lugonu
  4381 | D:6      | Found a shimmering altar of Xom.
  4441 | D:6      | Reached XP level 9. HP: 40/55 MP: 7/11
  5000 | D:6      | Reached **** piety under Lugonu
  5117 | D:7      | Noticed a hornet
  5154 | D:6      | Reached skill level 5 in Long Blades
  5179 | D:6      | Reached XP level 10. HP: 63/63 MP: 9/13
  5767 | D:7      | Found a sacrificial altar of Ru.
  5873 | D:7      | Gained mutation: Your body sometimes deteriorates upon
                  | taking damage. [potion of mutation]
  5873 | D:7      | Gained mutation: Your muscles are strong. (Str +4, Int/Dex
                  | -1) [potion of mutation]
  5897 | D:8      | Reached ***** piety under Lugonu
  5985 | D:8      | Found a large runed translucent door.
  5986 | D:8      | Found a large runed translucent door.
  6113 | D:8      | Got the Folio of the Fetching Volcano
  6177 | D:8      | Found Ucona's Demolitions Depot.
  6607 | D:8      | Noticed Gastronok
  6621 | D:8      | Killed Gastronok
  6622 | D:8      | Reached skill level 5 in Invocations
  6742 | D:8      | Found a glowing silver altar of Zin.
  6752 | D:8      | Found a hide-covered altar of Uskayaw.
  6785 | D:9      | Found Zonytid's Assorted Antiques.
  6859 | D:9      | Reached XP level 11. HP: 69/69 MP: 14/14
  7005 | D:9      | Found Nalameamn's Assorted Antiques.
  7013 | D:9      | Bought a smoking lapis lazuli ring for 145 gold pieces
  7013 | D:9      | Identified the ring "Azxomorch" {rF+ Int+4 Dex+6} (You
                  | bought it in a shop on level 9 of the Dungeon)
  7558 | D:9      | Found an ancient bone altar of Kikubaaqudgha.
  7608 | D:10     | Entered Level 10 of the Dungeon
  7636 | D:10     | Noticed a two-headed ogre
  7818 | D:9      | Banished a two-headed ogre
  8013 | D:10     | Found a staircase to the Orcish Mines.
  8613 | D:11     | Noticed Grum
  8617 | D:11     | Killed Grum
  8768 | D:11     | Noticed a white ugly thing
  8775 | D:11     | Killed a white ugly thing
  8875 | D:11     | Reached XP level 12. HP: 76/76 MP: 13/16
  9009 | D:11     | Found a staircase to the Lair.
  9133 | D:11     | Noticed a two-headed ogre
  9133 | D:11     | Noticed a two-headed ogre
  9143 | D:11     | Reached ****** piety under Lugonu
  9149 | D:11     | Killed a two-headed ogre
  9150 | D:11     | Reached skill level 10 in Armour
  9150 | D:11     | Reached skill level 5 in Evocations
  9157 | D:11     | Killed a two-headed ogre
  9288 | Lair:1   | Entered Level 1 of the Lair of Beasts
  9296 | Lair:1   | Reached skill level 10 in Shields
  9304 | Lair:1   | Reached skill level 5 in Dodging
  9315 | Lair:1   | Found a dark tunnel.
  9324 | Volcano  | Entered a volcano
  9361 | Volcano  | Reached skill level 10 in Fighting
 10561 | Lair:2   | Found a staircase to the Swamp.
 10562 | Lair:2   | You fall into a shaft and drop 2 floors!
 10575 | Lair:4   | Reached XP level 13. HP: 46/83 MP: 10/18
 10818 | Lair:4   | Found a staircase to the Slime Pits.
 10952 | Lair:4   | Noticed Nessos
 10960 | Lair:4   | Killed Nessos
 11595 | Lair:3   | Got the Handbook of Liminal Left-Handed Secrets
 11624 | Lair:3   | Noticed Urug
 11634 | Lair:3   | Killed Urug
 11664 | Lair:3   | Found a hole to the Spider Nest.
 12550 | Lair:2   | Acquired the amulet "Peim" {Faith rPois Dex+5}
 13506 | Lair:4   | Gained mutation: Your large and strong wings let you fly.
                  | [Gargoyle growth]
 13506 | Lair:4   | Reached XP level 14. HP: 91/91 MP: 19/19
 13619 | Lair:4   | Identified the +5 lajatang "Eviscerator" {freeze, *Rage rF+
                  | Int+3 Dex+3}
 13992 | Lair:5   | Entered Level 5 of the Lair of Beasts
 14517 | Lair:5   | Identified the +0 halberd of the Turnip {spect, *Slow rPois
                  | Dex+5 Stlth+}
 15365 | Swamp:1  | Entered Level 1 of the Swamp
 15370 | Swamp:1  | Reached skill level 10 in Long Blades
 15580 | Swamp:1  | Noticed a thorn hunter
 15589 | Swamp:1  | Killed a thorn hunter
 15696 | Swamp:1  | You are sucked into a shaft and drop 1 floor!
 16209 | Swamp:1  | Reached XP level 15. HP: 97/97 MP: 21/21
 16210 | Swamp:1  | Identified the +7 chain mail of the Ego {rN+++ Str+3}
 16339 | Swamp:1  | Noticed a thorn hunter
 16349 | Swamp:1  | HP: 6/145 [acid (8)]
 16809 | Swamp:1  | Killed a thorn hunter
 18038 | Swamp:3  | Noticed a fenstrider witch
 18050 | Swamp:3  | Killed a fenstrider witch
 18507 | Swamp:4  | Entered Level 4 of the Swamp
 18512 | Swamp:4  | Noticed a ghoul
 18908 | Swamp:4  | Noticed a ghoul
 18918 | Swamp:4  | Killed a ghoul
 18921 | Swamp:4  | Noticed a ghoul
 18935 | Swamp:4  | Killed a ghoul
 19414 | Swamp:4  | Killed a ghoul
 19451 | Swamp:4  | Reached XP level 16. HP: 96/105 MP: 23/23
 19498 | Swamp:4  | Noticed the 27-headed Lernaean hydra
 19755 | Swamp:4  | Corrupted Swamp:4
 19757 | Swamp:4  | Noticed a tentacled starspawn
 19757 | Swamp:4  | Noticed a lich
 19762 | Swamp:4  | Killed the 27-headed Lernaean hydra
 19765 | Swamp:4  | Noticed a tentacled starspawn
 19816 | Swamp:4  | Got a decaying rune of Zot
 19965 | Spider:1 | Entered Level 1 of the Spider Nest
 20087 | Spider:1 | Found a frozen archway.
 20112 | IceCv    | Entered an ice cave
 20264 | IceCv    | Gained mutation: You are frail. (-10% HP) [a neqoxec]
 20267 | IceCv    | Gained mutation: You are dopey. (Int -2) [a neqoxec]
 20268 | IceCv    | Gained mutation: You have large cloven feet. [a neqoxec]
 20288 | IceCv    | Lost mutation: You have large cloven feet. [potion of
                  | mutation]
 20288 | IceCv    | Lost mutation: You are dopey. (Int -2) [potion of mutation]
 20288 | IceCv    | Lost mutation: You are frail. (-10% HP) [potion of
                  | mutation]
 20288 | IceCv    | Gained mutation: Your flesh is heat resistant. (rF+)
                  | [potion of mutation]
 20288 | IceCv    | Lost mutation: Your muscles are strong. (Str +4, Int/Dex
                  | -1) [potion of mutation]
 20288 | IceCv    | Gained mutation: You have sharp toenails. [potion of
                  | mutation]
 21936 | Spider:1 | Reached skill level 10 in Invocations
 22748 | Spider:1 | Upgraded the game from 0.30-a0-1016-gfb0d676c02 to
                  | 0.30-a0-1043-g60ff8d5f49
 23279 | Spider:2 | Identified the +6 war axe "Oweteup" {heavy, *Rage rPois
                  | Str+9}
 23296 | Spider:2 | Reached XP level 17. HP: 112/112 MP: 24/24
 23832 | Spider:3 | Reached skill level 15 in Armour
 23851 | Spider:3 | Reached skill level 15 in Shields
 24327 | Spider:4 | Entered Level 4 of the Spider Nest
 24362 | Spider:4 | Reached skill level 15 in Fighting
 25610 | Spider:4 | Identified the +2 robe of Patterns {rPois Str+2}
 25958 | Spider:4 | Got a gossamer rune of Zot
 26375 | Orc:1    | Entered Level 1 of the Orcish Mines
 26465 | Orc:1    | Found Gogan's Jewellery Shop.
 26674 | Orc:1    | Found Zusyih's Assorted Antiques.
 26810 | Orc:2    | Entered Level 2 of the Orcish Mines
 26810 | Orc:2    | Found a staircase to the Elven Halls.
 26942 | Orc:2    | Reached XP level 18. HP: 119/119 MP: 26/26
 26980 | Orc:2    | Found Zityze's Antique Armour Boutique.
 27008 | Orc:2    | Found a transporter.
 27022 | Orc:2    | Found a bloodstained altar of Trog.
 27022 | Orc:2    | Noticed jasper's ghost (journeyman DgFE)
 27046 | Orc:2    | Found a transporter.
 27059 | Orc:2    | Noticed Josephine
 27066 | Orc:2    | Killed Josephine
 27085 | Orc:2    | Found Nyosok's Jewellery Shop.
 27498 | Orc:2    | Found Jusaewn's Antique Weapon Boutique.
 27884 | Orc:2    | Found Piulei's General Store.
 27892 | Orc:2    | Bought a scroll of teleportation for 45 gold pieces
 27892 | Orc:2    | Bought a scroll of fear for 60 gold pieces
 27892 | Orc:2    | Bought a scroll of fear for 60 gold pieces
 27991 | Orc:1    | Found Xorghasu's Distillery.
 27991 | Orc:1    | Found Tetralug's Weapon Emporium.
 27993 | Orc:1    | Found a bloodstained altar of Trog.
 28044 | Orc:1    | Found Qijeh's Assorted Antiques.
 28050 | Orc:1    | Bought a scroll of acquirement for 1456 gold pieces
 28190 | Orc:1    | Acquired the +2 pair of gloves of Fanaticism {+Inv}
 28300 | D:12     | Identified the +0 leather armour of Pysesan {rF+ Will+}
 28446 | D:12     | Noticed Rupert
 28465 | D:12     | Killed Rupert
 28955 | D:13     | Found a gate leading to a gauntlet.
 28964 | Gauntlet | Entered a Gauntlet
 28964 | Gauntlet | Found a transporter.
 28973 | Gauntlet | Found a transporter.
 28977 | Gauntlet | Found a transporter.
 28978 | Gauntlet | Found a transporter.
 28981 | Gauntlet | Found a transporter.
 29012 | Gauntlet | Found a transporter.
 29016 | Gauntlet | Identified the +0 pair of boots of Zecerayx {rC+ MP+9 Str+8
                  | Int-3}
 29073 | Gauntlet | Found a transporter.
 29138 | Gauntlet | Identified the +2 triple crossbow "Launeh" {flame, rC+
                  | Dex+3}
 29138 | Gauntlet | Identified the +5 morningstar of Embarrassment {venom,
                  | rElec rCorr Stlth+}
 29142 | Gauntlet | Found the ring of the Octopus King
 29153 | Gauntlet | Identified a ring of the Octopus King {rN+ HP+2 AC+2 EV+2
                  | SH+2}
 29153 | Gauntlet | Identified the ring of a Thousand Teeth {rC+ Int+2 Dex+2}
 29446 | D:13     | Found the +1 robe of Vines {NoPotionHeal Regen++++}
 30397 | D:14     | Found a gate to the Vaults.
 30652 | D:14     | Identified the +0 ring mail "Iwneif" {Dex+4}
 31187 | Vaults:1 | Entered Level 1 of the Vaults
 31479 | Vaults:1 | Noticed Donald
 31493 | Vaults:1 | Killed Donald
 31922 | Vaults:1 | Reached XP level 19. HP: 37/126 MP: 20/27
 32413 | Vaults:1 | Paralysed by something for 2 turns
 33029 | Vaults:1 | Found a huge runed gate.
 33029 | Vaults:1 | Found a huge runed gate.
 33029 | Vaults:1 | Found a huge runed gate.
 33029 | Vaults:1 | Found a huge runed gate.
 33029 | Vaults:1 | Found a huge runed gate.
 33030 | Vaults:1 | Found a huge runed gate.
 33030 | Vaults:1 | Found a huge runed gate.
 33030 | Vaults:1 | Found a huge runed gate.
 33030 | Vaults:1 | Found a huge runed gate.
 33030 | Vaults:1 | Found a huge runed gate.
 33031 | Vaults:1 | Found a huge runed gate.
 33031 | Vaults:1 | Found a huge runed gate.
 33032 | Vaults:1 | Found a huge runed gate.
 33033 | Vaults:1 | Found a huge runed gate.
 33034 | Vaults:1 | Found a huge runed gate.
 33035 | Vaults:1 | Found a huge runed gate.
 33036 | Vaults:1 | Found Axe Dala's Antique Weapon Shoppe.
 33051 | Vaults:1 | Found a huge runed gate.
 33051 | Vaults:1 | Found a huge runed gate.
 33051 | Vaults:1 | Found a huge runed gate.
 33051 | Vaults:1 | Found a huge runed gate.
 33051 | Vaults:1 | Found a huge runed gate.
 33051 | Vaults:1 | Found a huge runed gate.
 33052 | Vaults:1 | Found a huge runed gate.
 33053 | Vaults:1 | Found a huge runed gate.
 33054 | Vaults:1 | Found a huge runed gate.
 33062 | Vaults:1 | Found a huge runed gate.
 33062 | Vaults:1 | Found a huge runed gate.
 33062 | Vaults:1 | Found a huge runed gate.
 33062 | Vaults:1 | Found a huge runed gate.
 33062 | Vaults:1 | Found a huge runed gate.
 33062 | Vaults:1 | Found a huge runed gate.
 33063 | Vaults:1 | Found a huge runed gate.
 33064 | Vaults:1 | Found a huge runed gate.
 33065 | Vaults:1 | Found a huge runed gate.
 33073 | Vaults:1 | Found a huge runed gate.
 33073 | Vaults:1 | Found a huge runed gate.
 33190 | Vaults:1 | Noticed a hellephant
 33325 | Vaults:1 | Killed a hellephant
 33978 | Vaults:2 | Reached skill level 10 in Evocations
 34016 | Abyss:2  | Cast into level 2 of the Abyss (a wizard)
 34037 | Vaults:2 | Escaped the Abyss
 35055 | Vaults:2 | Identified the staff of earth "Timmoh" {rElec rF+ Str-3
                  | Int+6}
 35553 | Vaults:3 | Found the +2 cloak of the Thief {*Fog Slay-2 SInv Stlth+}
 35630 | Vaults:3 | Reached XP level 20. HP: 134/134 MP: 29/29
 35844 | Vaults:3 | Found a staircase to the Crypt.
 35986 | Vaults:3 | Found a portal to a secret trove of treasure.
 36775 | Vaults:4 | Found Vukyol's Antique Armour Shoppe.
 36819 | Vaults:4 | Noticed Margery
 36919 | Vaults:4 | Killed Margery
 37773 | Vaults:4 | Found a huge runed gate.
 37773 | Vaults:4 | Found a huge runed gate.
 37773 | Vaults:4 | Found a huge runed gate.
 37773 | Vaults:4 | Found a huge runed gate.
 37773 | Vaults:4 | Found a huge runed gate.
 37773 | Vaults:4 | Found a huge runed gate.
 37773 | Vaults:4 | Found a huge runed gate.
 37773 | Vaults:4 | Found a huge runed gate.
 37774 | Vaults:4 | Found a huge runed gate.
 37775 | Vaults:4 | Found a huge runed gate.
 37780 | Vaults:4 | Found a huge runed gate.
 37780 | Vaults:4 | Found a huge runed gate.
 37780 | Vaults:4 | Found a huge runed gate.
 37780 | Vaults:4 | Found a huge runed gate.
 37780 | Vaults:4 | Found a huge runed gate.
 37780 | Vaults:4 | Found a huge runed gate.
 37781 | Vaults:4 | Found a huge runed gate.
 37782 | Vaults:4 | Found a huge runed gate.
 37783 | Vaults:4 | Found a huge runed gate.
 37791 | Vaults:4 | Found a huge runed gate.
 37791 | Vaults:4 | Found a huge runed gate.
 37791 | Vaults:4 | Found a huge runed gate.
 37791 | Vaults:4 | Found a huge runed gate.
 37791 | Vaults:4 | Found a huge runed gate.
 37791 | Vaults:4 | Found a huge runed gate.
 37792 | Vaults:4 | Found a huge runed gate.
 38035 | Vaults:4 | Found a huge runed gate.
 38035 | Vaults:4 | Found a huge runed gate.
 38035 | Vaults:4 | Found a huge runed gate.
 38035 | Vaults:4 | Found a huge runed gate.
 38036 | Vaults:4 | Found a huge runed gate.
 38036 | Vaults:4 | Found a huge runed gate.
 38036 | Vaults:4 | Found a huge runed gate.
 38036 | Vaults:4 | Found a huge runed gate.
 38038 | Vaults:4 | Found a huge runed gate.
 38047 | Vaults:4 | Found a huge runed gate.
 38187 | Vaults:4 | Paralysed by a great orb of eyes for 5 turns
 38723 | Vaults:4 | Reached skill level 10 in Dodging
 38735 | Vaults:4 | Noticed a dread lich
 38736 | Vaults:4 | Paralysed by something for 4 turns
 38751 | Vaults:4 | Paralysed by something for 3 turns
 39012 | Vaults:4 | Reached skill level 15 in Long Blades
 39027 | Vaults:4 | Killed a dread lich
 39028 | Vaults:4 | Reached XP level 21. HP: 106/140 MP: 30/30
 39146 | Vaults:4 | Identified the +0 rapier "Dinyus" {venom, rC- rN+++ Will+
                  | Str-3}
 39197 | Vaults:5 | Entered Level 5 of the Vaults
 39522 | Vaults:5 | HP: 4/141 [titan/the air (19)]
 39522 | Vaults:5 | Mangled by a tengu reaver

Illustrated notes

Levels and vault maps discovered:
D:1:      dpeg_cavernosity, layout_loops_corners,
          dreamdust_ecumenical_altar_hidden_monk_grotto
D:2:      layout_loops_ring, minmay_tetromino_i4, uniq_crazy_yiuf_cottage
D:3:      layout_basic, grunt_temple_overflow_bloody_war,
          nzn_hepliaklqana_mist_gate, yredelemnul_altar_generic
D:4:      kennysheep_the_goblin_king, layout_rooms,
          nicolae_overflow_hidden_temple, serial_shops, shop, shop, shop,
          nicolae_diamond_shop, shop
D:5:      layout_loops_ring, uniq_blork_the_orc, uniq_menkaure
D:6:      layout_loops_ring, xom_butterflies,
          minmay_temple_entry_enclosed_plants, grunt_potential
D:7:      layout_cave_pools, dk_noncrumbling_4, minmay_ruined_shrine
D:8:      layout_loops_ring, jmf_multi_god_temple2, nrook_campfire,
          nicolae_blasting_shop, minmay_fire_ice_demons, uniq_gastronok
D:9:      layout_cross, kennysheep_vampire_church, serial_shops,
          nicolae_shop_advertising_works [nicolae_subvault_shop_adworks],
          minivault_25, nicolae_stop_n_shop_1, serial_park_tiny_2
D:10:     layout_cave_pools, erik_orc_4, grunt_decor_resistance
D:11:     layout_roguey, david_lair_shrubbed, minmay_puff, uniq_grum
D:12:     layout_gridville, minmay_fractal_squares_diagonal_5, uniq_rupert
D:13:     layout_irregular_city, serial_glass, glass_columns_a, glass_columns_c,
          gauntlet_entry_generic, hellmonk_guarded_unrand_vines
D:14:     layout_stronghold, david_vaults_5, solitary_fountain
Lair:1:   layout_chaotic_city, enter_volcano_2, beast_lair_carwin_10,
          infiniplex_staircase_pool
Lair:2:   layout_gridlike, swamp_mist_pool, grunt_megastairs_1,
          infiniplex_staircase_pool_2, serial_bayou_shore_a
Lair:3:   layout_chaotic_city, nicolae_spider_entry_lesser_pyramids,
          chequers_serial_rivers_small_b, chequers_serial_rivers_micro_d,
          forest_entry_grove, uniq_urug
Lair:4:   nzn_winding_woodlands_stair_trap [nzn_winding_woodlands_5x15_twine,
          nzn_winding_woodlands_5x15_eye,
          nzn_winding_woodlands_5x15_lazy_stream,
          nzn_winding_woodlands_15x15_thick_spiral,
          nzn_winding_woodlands_5x15_split_checker,
          nzn_winding_woodlands_5x15_default,
          nzn_winding_woodlands_5x15_sidewinder], layout_cave_pods,
          slime_entry_1, uniq_nessos
Lair:5:   minmay_lair_end_enchanted_forest, layout_cave_pods,
          lemuel_fruit_fields
Swamp:1:  cheibrodos_swamp_tower_of_moss, layout_basic_swamp,
          evilmike_swamp_ruin_rubble_1, swamp_pool5, nicolae_swamp_no_escape
Swamp:2:  layout_falls_marsh, evilmike_swamp_ruin_house_3, swamp_pool1
Swamp:3:  layout_basic_swamp, nicolae_swamp_well_well_well
Swamp:4:  swamp_old_school, layout_basic_swamp
Spider:1: layout_spider_delve, portal_ice_cave_entry_pillars_three,
          einodemon_crawler_minivault
Spider:2: nicolae_spider_jumping_over_cracks [nicolae_spider_jumping_sub_notch,
          nicolae_spider_jumping_sub_no_exit, nicolae_spider_jumping_sub_plain,
          nicolae_spider_jumping_sub_plain]
Spider:3: layout_spider_delve
Spider:4: grunt_spider_rune_parallel, hellmonk_narrow_tunnel
Orc:1:    layout_caves, serial_shops, nicolae_shop_statue_plus,
          nicolae_shop_behind_doors, shop_statue, nicolae_diamond_shop,
          nicolae_shop_competitors_out_of_business, basic_altar
Orc:2:    grunt_orc_gardens, layout_caves, grunt_orc_garden, grunt_orc_garden,
          grunt_orc_garden, grunt_orc_garden, gammafunk_ghost_wrathful_warriors,
          uniq_josephine
Vaults:1: hangedman_vaults_unwind, vaults_mumra_hex, nicolae_vaults_triangles,
          ontoclasm_vaults_hangar, hangedman_vaults_maws, v_misc_3,
          nicolae_vaults_specimen_jars, not_door_vault_due,
          nicolae_vaults_little_squares_3, nicolae_vaults_little_squares_4,
          nicolae_vaults_mini_display_case, layout_vaults_big_room,
          serial_shops, shop_fountains, uniq_donald
Vaults:2: hangedman_vaults_corner_blocks, v_misc_30, st_cells,
          vaults_mumra_minichess_inversion, serial_ice_h, v_misc_14,
          ontoclasm_vaults_eye, v_misc_17, ontoclasm_vaults_ligature,
          hangedman_vaults_corner_blocks, grunt_vaults_twisty,
          nicolae_vaults_angled_halls, grunt_vaults_hallway_short,
          vaults_dpeg_hooks, dpeg_vaults_monster_box, hangedman_vaults_cutoff,
          layout_vaults_omnicross
Vaults:3: v_misc_30, minmay_crypt_entry_simple_statues,
          nicolae_vaults_network_square, v_rooms_1,
          nicolae_vaults_inception_scallops, v_pattern_2,
          nicolae_vaults_network_barrier, nicolae_vaults_alarming,
          nicolae_vaults_hallways_thing, v_alt_pattern_3, layout_vaults_omnibox,
          nicolae_trove_entry_crystal
Vaults:4: vaults_mumra_chevron_long, v_misc_24, door_vault, vaults_dpeg_cross,
          hangedman_vaults_nails, nicolae_vaults_gold_heap, v_misc_27,
          ontoclasm_vaults_shuriken, nicolae_vaults_little_squares_4,
          hangedman_vaults_corner, v_misc_27, v_alt_pattern_1,
          vaults_room_door_ring, ontoclasm_vaults_loading_screen,
          nicolae_vaults_network_quinsquares
          [nicolae_vaults_network_quincunx_subvault,
          nicolae_vaults_network_quincunx_subvault,
          nicolae_vaults_network_quincunx_subvault,
          nicolae_vaults_network_quincunx_subvault], hangedman_vaults_nails,
          layout_vaults_maze_snakey, serial_shops, shop_fountains, uniq_margery
Vaults:5

Skill      XL: |  1  2  3  4  5  6  7  8  9 10 11 12 13 14 15 16 17 18 19 20 21 |
---------------+----------------------------------------------------------------+-----
Fighting       | 4 5 6 7 8 9 10 11 12 13 14 15 16 17 18 | 18.1
Long Blades    | 1 2 3 5 6 7 8 9 10 11 12 13 14 15 | 15.1
Armour         | 4 5 6 7 8 9 10 11 12 13 14 15 16 17 18 | 18.2
Invocations    | 1 2 3 4 5 6 7 8 9 10 11 12 | 12.8
Dodging        | 1 2 3 4 5 6 7 8 9 10 | 10.1
Shields        | 4 5 6 7 8 9 10 11 12 13 14 15 16 17 18 | 18.2
Evocations     | 1 2 3 4 5 6 7 8 9 10 | 10.9
Maces & Flails | |  2.2

Action                     |  1- 3 |  4- 6 |  7- 9 | 10-12 | 13-15 | 16-18 | 19-21 || total
---------------------------+-------+-------+-------+-------+-------+-------+-------++-------
  Melee: Flail             |    82 |       |       |       |       |       |       ||    82
         Eudemon blade     |    23 |    91 |   210 |   538 |  1079 |  1582 |  1201 ||  4724
  Throw: Throwing net      |       |       |       |       |     1 |       |       ||     1
 Invoke: Banish            |       |       |       |     1 |     6 |    30 |     8 ||    45
         Corrupt           |       |       |       |       |       |     1 |       ||     1
         Depart the Abyss  |       |       |       |       |       |       |     1 ||     1
  Evoke: Wand              |       |       |       |       |       |     8 |    10 ||    18
    Use: Scroll            |     5 |     6 |     3 |    11 |     9 |    20 |     9 ||    63
         Potion            |     1 |     3 |       |     3 |     5 |    10 |     6 ||    28
   Stab: Confused          |       |       |       |       |     2 |       |       ||     2
         Distracted        |       |       |       |       |     1 |       |       ||     1
         Invisible         |       |       |       |       |       |       |     5 ||     5
 Armour: Scale mail        |    58 |    33 |   143 |   203 |       |       |       ||   437
         Chain mail        |       |       |       |    43 |   517 |   715 |   317 ||  1592
  Dodge: Dodged            |    56 |    44 |   207 |   470 |   768 |  1051 |   457 ||  3053
         Repelled          |       |       |       |       |       |     3 |    15 ||    18
  Block: Buckler           |    31 |    26 |    89 |   252 |   514 |   669 |       ||  1581
         Kite shield       |       |       |       |       |       |    74 |   970 ||  1044
         Reflection        |       |       |       |       |       |       |    47 ||    47

Table legend: (Time is in decaauts)
 A = Elapsed time spent in this place.
 B = Non-inter-level travel time spent in this place.
 C = Inter-level travel time spent in this place.
 D = Time resting spent in this place.
 E = Time spent auto-exploring this place.
 F = Levels seen in this place.
 G = Mean time per level.
                   A        B        C        D        E       F      G
               +--------+--------+--------+--------+--------+-----+--------+
         Total |  40546 |  38727 |   1819 |    452 |  30017 |  38 | 1067.0 |
       Dungeon |  12709 |  12067 |    642 |    288 |   9462 |  14 |  907.8 |
          Lair |   6159 |   5745 |    414 |    154 |   4590 |   5 | 1231.8 |
         Swamp |   4694 |   4592 |    102 |      0 |   3596 |   4 | 1173.5 |
   Spider Nest |   5272 |   4926 |    346 |      0 |   3681 |   4 | 1318.0 |
  Orcish Mines |   1860 |   1761 |     99 |      0 |   1350 |   2 |  930.0 |
        Vaults |   8265 |   8052 |    213 |     10 |   6201 |   5 | 1653.0 |
         Abyss |     23 |     23 |      0 |      0 |      0 |   1 |   23.0 |
      Ice Cave |   1099 |   1099 |      0 |      0 |    890 |   1 | 1099.0 |
       Volcano |    265 |    265 |      0 |      0 |    164 |   1 |  265.0 |
      Gauntlet |    196 |    196 |      0 |      0 |     80 |   1 |  196.0 |
               +--------+--------+--------+--------+--------+-----+--------+

Top non-repeatable levels by time:
Vaults:4: 2621 daAuts
Vaults:1: 2401 daAuts
Spider:4: 1966 daAuts
  Lair:4: 1864 daAuts
Vaults:2: 1740 daAuts
Spider:1: 1634 daAuts
 Swamp:4: 1472 daAuts
Vaults:3: 1445 daAuts
    D:14: 1404 daAuts
     D:1: 1401 daAuts
 Swamp:1: 1399 daAuts
  Lair:5: 1304 daAuts
     D:9: 1173 daAuts
     D:6: 1104 daAuts
 Swamp:2: 1103 daAuts
